AoeStats
← per1993

Arena

508231409Analyzed
1v1 RM · 12d ago on Sep 21, 2026· 40m 18s· 2 players
Game mode
Random Map
Map size
Tiny (2 player)
Population
200
Speed
Normal
Resources
Standard
Victory
Conquest
Starting age
Dark Age
Ending age
Imperial Age
RankedLock teamsTeams togetherTeam positionsShared explorationLock speedFull tech treeHidden civsTurbo modeCheats
Victory
Defeat
🇹🇷 Burgundians · Türkiye
984
+14
🇪🇸 Byzantines · Spain
937
-14
Lynchburg
5:33 Double-Bit Axe
9:05 Wheelbarrow
11:04 Feudal Age
9:22 Horse Collar
12:49 Bow Saw
12:43 Heavy Plow
17:21 Castle Age
15:49 Gold Mining
20:02 Two-Man Saw
19:23 Stone Mining
20:32 Gold Shaft Mining
20:19 Husbandry
22:09 Town Watch
29:50 Imperial Age
27:29 Scale Barding Armor
27:35 Forging
29:19 Stone Shaft Mining
29:17 Crop Rotation
29:56 Chain Barding Armor
30:28 Hand Cart
30:15 Town Patrol
31:37 Chemistry
31:01 Conscription
31:42 Plate Barding Armor
31:42 Iron Casting
32:02 Light Cavalry
35:04 Blast Furnace
35:05 Ballistics
35:49 Elite Coustillier
39:22 Burgundian Vineyards
per1993
10:32 Feudal Age
11:28 Double-Bit Axe
12:15 Horse Collar
20:04 Castle Age
18:58 Gold Mining
19:01 Stone Mining
19:23 Scale Mail Armor
21:27 Bow Saw
21:19 Heavy Plow
22:43 Wheelbarrow
21:55 Loom
24:49 Hand Cart
25:10 Treadmill Crane
25:56 Murder Holes
26:22 Ballistics
26:14 Fortified Wall
30:37 Imperial Age
27:50 Pikeman
28:17 Gambesons
28:32 Squires
28:17 Arson
29:43 Stone Shaft Mining
30:27 Thumb Ring
29:51 Elite Skirmisher
32:50 Chemistry
33:33 Two-Man Saw
33:06 Crop Rotation
32:05 Halberdier
33:01 Forging
33:48 Light Cavalry
36:30 Scale Barding Armor
38:41 Conscription
38:56 Hoardings
38:27 Hussar
39:08 Husbandry
40:19 Chain Barding Armor
40:36 Iron Casting
Connection lost

Rejoining the realm…

Still unreachable

The connection could not be restored.

Session expired

The server has moved on; the page needs a fresh start.